 Dungeon Crawl Stone Soup version 0.30-a0-860-g512cf1e979 (webtiles) character file.

Game seed: 8645842835290232382

123 BubbleThief the Stinger (level 5, -1/42 HPs)
             Began as a Naga Venom Mage on Mar 7, 2023.
             Slain by a phantom (6 damage)
             ... on level 4 of the Dungeon.
             The game lasted 00:04:03 (2375 turns).

BubbleThief the Stinger (Naga Venom Mage)           Turns: 2375, Time: 00:04:04

Health: -1/42      AC:  2    Str: 11    XL:     5   Next: 7%
Magic:  0/9        EV:  9    Int: 23    God:
Gold:   109        SH:  0    Dex: 11    Spells: 2/10 levels left

rFire   . . .      SeeInvis +    j - +3 dagger
rCold   . . .      Faith    .    (no shield)
rNeg    . . .      Spirit   .    a - +0 robe
rPois   +          Reflect  .    (no helmet)
rElec   .          Rampage  .    (no cloak)
rCorr   .                        (no gloves)
Will    .....                    (no barding)
Stlth   ++                       (no amulet)
HPRegen 0.27/turn                i - +6 ring of intelligence
MPRegen 0.11/turn                (no ring)

@: mighty, very slow
A: AC +1, large, see invisible, deformed body, poison resistance, slowness 2,
spit poison 1, naga tail 1
a: Spit Poison


You were on level 4 of the Dungeon.
You visited 1 branch of the dungeon, and saw 4 of its levels.

You collected 109 gold pieces.

Inventory:

Hand Weapons
 j - a +3 dagger (weapon)
Armour
 a - a +0 robe (worn)
Jewellery
 i - a +6 ring of intelligence (left hand)
 r - a ring of resist corrosion
 s - a ring of ice
Scrolls
 c - a scroll of enchant weapon {unknown}
 d - a scroll of poison {unknown}
 e - 2 scrolls of silence {unknown}
 g - 3 scrolls of identify {unknown}
 m - a scroll of vulnerability {unknown}
 n - a scroll of noise {unknown}
 q - a scroll of fear {unknown}
Potions
 b - a potion of magic
 f - 4 potions of curing {unknown}
 h - a potion of attraction {unknown}
 k - a potion of lignification {unknown}
 l - a potion of might
 o - a potion of cancellation {unknown}
 p - a potion of experience {unknown}
 t - a potion of brilliance {unknown}


   Skills:
 - Level 1.5 Dodging
 - Level 3.0 Stealth
 + Level 3.1 Spellcasting
 - Level 1.0 Transmutations
 * Level 6.5 Poison Magic


You had 2 spell levels left.
You knew the following spells:

 Your Spells              Type           Power      Damage    Failure   Level
a - Sting                 Tmut/Pois      80%        1d7       2%          1
b - Mephitic Cloud        Conj/Pois/Air  13%        N/A       14%         3
c - Olgreb's Toxic Radia  Pois           33%        N/A       8%          4

Your spell library contained the following spells:

 Spells                   Type           Power      Damage    Failure   Level
 Poisonous Vapours        Pois/Air       36%        N/A       4%          2
 Lesser Beckoning         Tloc           6%         N/A       17%         2
 Scorch                   Fire           6%         2d5       17%         2
 Gell's Gravitas          Tloc           3%         N/A       34%         3
 Teleport Other           Tloc           3%         N/A       34%         3
 Flame Wave               Conj/Fire      3%         2d5       75%         4
 Conjure Ball Lightning   Conj/Air       1%         3x3d6     100%        6
 Summon Cactus Giant      Summ           1%         N/A       100%        6
 Discord                  Hex            1%         N/A       100%        8
 Disjunction              Tloc           1%         N/A       100%        8


Dungeon Overview and Level Annotations

Branches:
Dungeon (4/15)
 Temple: D:4-7

Altars:

Annotations:
D:2 Natasha


Innate Abilities, Weirdness & Mutations

Your serpentine skin is tough. (AC +1)
You have supernaturally acute eyesight. (SInv)
Armour fits poorly on your strangely shaped body.
Your system is resistant to poisons. (rPois)
You cover ground very slowly.
You can spit poison.
You have a snake-like lower body.


Message History

Aiming: Sting (safe; 2% risk of failure)
Press: ? - help, Q - select action, (/) - cycle Shift-Dir - straight line, f/p - phantom
Aim: a phantom (moderately damaged, 67% to hit)
The sting hits the phantom.
The phantom is moderately damaged.
The phantom hits you.
Aiming: Sting (safe; 2% risk of failure)
Press: ? - help, Q - select action, (/) - cycle Shift-Dir - straight line, f/p - phantom
Aim: a phantom (moderately damaged, 67% to hit)
The sting hits the phantom.
The phantom partially resists.
The phantom is moderately damaged.
The phantom hits you.
The phantom blinks!
You blink.
You hit the phantom.
The phantom is moderately damaged.
The phantom hits you.
Unknown command.
You aren't carrying any items that you can evoke.
You feel very mighty all of a sudden. The phantom hits you.
You are too injured to fight recklessly!
You barely miss the phantom.
The phantom is moderately damaged.
The phantom misses you.
You closely miss the phantom.
The phantom is moderately damaged.
The phantom hits you.
* * * LOW HITPOINT WARNING * * *
The phantom blinks!
You blink.
You hit the phantom.
The phantom is heavily damaged.
The phantom hits you but does no damage.
You closely miss the phantom.
The phantom is heavily damaged.
The phantom hits you.
* * * LOW HITPOINT WARNING * * *
The phantom blinks!
You blink.
You closely miss the phantom.
The phantom is heavily damaged.
The phantom hits you.
You die...

...........########
.#.....###........#
##...## ########.#
##.## #.# #.#
####.### #.# #.§....#
##†## ##.#§....#
##)..## #.###....#
##..W..## ##.#.@W..#
#.......## ##......#
.........####...#####
.......[.'.......#
.........####(..##
#.......###....>...#
##.....## #.##.###.#
###...## #. #.# #
.###+## # #.#


You could see a phantom.

Vanquished Creatures
  A scorpion (D:4)
  An adder (D:2)
  A dart slug (D:2)
  An orc (D:3)
  4 ball pythons
  An endoplasm (D:1)
  A giant cockroach (D:1)
  10 hobgoblins
  3 kobolds
  6 quokkas
  5 bats
  2 frilled lizards
  8 goblins
  3 rats
47 creatures vanquished.

Notes
Turn   | Place    | Note
-------+----------+-------------------------------------------
     0 | D:1      | BubbleThief the Naga Venom Mage began the quest for the
                  | Orb.
     0 | D:1      | Reached XP level 1. HP: 15/15 MP: 3/3
   234 | D:1      | Reached XP level 2. HP: 20/22 MP: 1/5
   898 | D:2      | Reached skill level 5 in Poison Magic
  1016 | D:2      | Reached XP level 3. HP: 28/28 MP: 6/6
  1232 | D:2      | Noticed Natasha
  1345 | D:3      | Learned a level 3 spell: Mephitic Cloud
  1692 | D:3      | Reached XP level 4. HP: 36/36 MP: 5/8
  2013 | D:3      | Learned a level 4 spell: Olgreb's Toxic Radiance
  2248 | D:4      | Noticed a scorpion
  2255 | D:4      | Killed a scorpion
  2256 | D:4      | Reached skill level 6 in Poison Magic
  2256 | D:4      | Reached XP level 5. HP: 38/42 MP: 4/9
  2336 | D:4      | Noticed a phantom
  2375 | D:4      | Slain by a phantom

Illustrated notes

Levels and vault maps discovered:
D:1:      giann_bridges, layout_loops_ring, minmay_cut_off
D:2:      minmay_skewed_foursquare, layout_basic, hex_tiny,
          minmay_pentomino_pile, uniq_natasha, uniq_crazy_yiuf_cottage
D:3:      layout_basic, st_stairs_12
D:4:      minmay_wonky_spiral, layout_loops_corners, temple_hall,
          grunt_ministairs_13, minmay_misc_feat_doors

Skill      XL: |  1  2  3  4 |
---------------+-------------+-----
Poison Magic   | 5 6 |  6.5
Spellcasting   | 3 |  3.1
Dodging        | |  1.5
Stealth        | |  3.0
Transmutations | |  1.0

Action                     |  1- 3 |  4- 6 || total
---------------------------+-------+-------++-------
  Melee: Unarmed           |     2 |       ||     2
         Dagger            |     7 |     6 ||    13
   Cast: Sting             |    32 |    20 ||    52
Ability: Spit Poison       |    34 |     9 ||    43
    Use: Potion            |       |     1 ||     1
 Armour: Robe              |    10 |     4 ||    14
  Dodge: Dodged            |    13 |     3 ||    16

Table legend: (Time is in decaauts)
 A = Elapsed time spent in this place.
 B = Non-inter-level travel time spent in this place.
 C = Inter-level travel time spent in this place.
 D = Time resting spent in this place.
 E = Time spent auto-exploring this place.
 F = Levels seen in this place.
 G = Mean time per level.
                   A        B        C        D        E       F      G
               +--------+--------+--------+--------+--------+-----+--------+
         Total |   3067 |   2962 |    105 |      0 |   2602 |   4 |  766.8 |
       Dungeon |   3067 |   2962 |    105 |      0 |   2602 |   4 |  766.8 |
               +--------+--------+--------+--------+--------+-----+--------+

Top non-repeatable levels by time:
     D:3: 1193 daAuts
     D:1: 1148 daAuts
     D:2: 453 daAuts
     D:4: 272 daAuts
